 Dungeon Crawl Stone Soup version 0.29-a0-389-gd8082fcd2d (webtiles) character file.

Game seed: 12463652572888168269

23386 xdcmnb the Unseen (level 12, -5/58 HPs)
             Began as a Spriggan Enchanter on May 8, 2022.
             Was a High Priest of Dithmenos.
             Killed from afar by an efreet (31 damage)
             ... with a bolt of fire
             ... on level 14 of the Dungeon.
             The game lasted 00:46:45 (15239 turns).

xdcmnb the Unseen (Spriggan Enchanter)             Turns: 15239, Time: 00:46:46

Health: -5/58      AC:  8    Str:  8    XL:     12   Next: 71%
Magic:  34/39      EV: 22    Int: 16    God:    Dithmenos [*****.]
Gold:   1004       SH:  0    Dex: 17    Spells: 16/38 levels left

rFire   . . .      SeeInvis +   a - +8 dagger (vorpal)
rCold   . . .      Faith    .   (no shield)
rNeg    . . .      Spirit   .   x - +1 steam dragon scales
rPois   .          Reflect  .   (helmet restricted)
rElec   .          Harm     .   D - +1 cloak
rCorr   .          Rampage  .   (gloves unavailable)
Will    ++...                   (boots unavailable)
Stlth   ++++++++++              p - amulet of regeneration
HPRegen 0.99/turn               g - +4 ring of slaying
MPRegen 0.26/turn               z - ring of magical power

@: wreathed by umbra, unable to read, very quick
A: very small, no large weapons, unfitting armour, see invisible, speed 3,
inability to read while threatened
a: Renounce Religion, Shadow Step, Shadow Form


You were on level 14 of the Dungeon.
You worshipped Dithmenos.
Dithmenos was extremely pleased with you.
You visited 2 branches of the dungeon, and saw 15 of its levels.
You also visited: Ossuary and Bailey.

You collected 1071 gold pieces.
You spent 67 gold pieces at shops.

Inventory:

Hand Weapons
 a - a +8 vorpal dagger (weapon)
 n - the +2 dagger of Purpose {flame, Dex+3}
   (You found it on level 2 of the Dungeon)

   It burns those it strikes, dealing additional fire damage.
   Dex:       It affects your dexterity (+3).
 C - a +1 dagger of electrocution
Missiles
 h - 38 poisoned darts (quivered)
 E - a curare-tipped dart
Armour
 x - +1 steam dragon scales (worn)
 D - a +1 cloak (worn)
Jewellery
 b - a ring of resist corrosion
 g - a +4 ring of slaying (left hand)
 p - an amulet of regeneration (around neck)
 w - a ring of wizardry
 y - a ring of wizardry
 z - a ring of magical power (right hand)
Wands
 r - a wand of flame (18)
 B - a wand of digging (8)
Scrolls
 j - 2 scrolls of poison
 o - 2 scrolls of fog
 t - 3 scrolls of noise
 u - 2 scrolls of blinking
 v - 3 scrolls of amnesia
 A - 2 scrolls of teleportation
 G - 2 scrolls of brand weapon
Potions
 c - a potion of invisibility
 d - 3 potions of magic
 e - 6 potions of lignification
 f - 2 potions of brilliance
 i - a potion of resistance
 k - 5 potions of might
 m - a potion of berserk rage
 q - 3 potions of haste
 s - 2 potions of cancellation
Miscellaneous
 l - a phantom mirror


   Skills:
 + Level 4.7 Fighting
 + Level 6.5 Short Blades
 + Level 8.3 Dodging
 + Level 16.6 Stealth
 + Level 13.6 Spellcasting
 + Level 13.7 Hexes


You had 16 spell levels left.
You knew the following spells:

 Your Spells              Type           Power      Damage    Failure   Level
a - Ensorcelled Hibernat  Hex/Ice        64%        N/A       1%          2
b - Tukima's Dance        Hex            53%        N/A       1%          3
c - Dazzling Flash        Conj/Hex       64%        N/A       1%          3
d - Confusing Touch       Hex            53%        N/A       1%          3
e - Apportation           Tloc           20%        N/A       6%          1
f - Summon Guardian Gole  Hex/Summ       32%        N/A       1%          3
g - Blink                 Tloc           20%        N/A       10%         2
h - Summon Mana Viper     Hex/Summ       32%        N/A       11%         5

Your spell library contained the following spells:

 Spells                   Type           Power      Damage    Failure   Level
 Animate Skeleton         Necr           20%        N/A       6%          1
 Summon Small Mammal      Summ           40%        N/A       6%          1
 Scorch                   Fire           20%        2d6       10%         2
 Call Canine Familiar     Summ           10%        N/A       19%         3
 Flame Wave               Conj/Fire      10%        2d5       54%         4
 Manifold Assault         Tloc           10%        N/A       87%         5
 Summon Forest            Summ/Tloc      5%         N/A       87%         5
 Summon Cactus Giant      Summ           5%         N/A       100%        6
 Storm Form               Tmut/Air       5%         N/A       100%        7
 Borgnjor's Revivificati  Necr           5%         N/A       100%        8
 Necromutation            Tmut/Necr      5%         N/A       100%        8
 Death's Door             Necr           5%         N/A       100%        9


Dungeon Overview and Level Annotations

Branches:
Dungeon (14/15)            Temple (1/1) D:6            Lair (0/6) D:9
    Orc (0/2) D:10         Vaults (0/5) D:13        Ossuary (visited)
 Bailey (visited)

Altars:
Ashenzari
Cheibriados
Dithmenos
Elyvilon
Fedhas
Gozag
Hepliaklqana
Kikubaaqudgha
Makhleb
Nemelex Xobeh
Okawaru
Qazlal
Sif Muna
Trog
Uskayaw
Wu Jian
Xom
Zin
The Shining One

Shops:
D:10 [*   D:13 *

Annotations:
D:10 2 transporters, Sekuso's ghost, journeyman HuFE
D:13 1 exclusion


Innate Abilities, Weirdness & Mutations

You are very small and have problems with some larger weapons.
You are too small for most types of armour.
You have supernaturally acute eyesight. (SInv)
You cover ground extremely quickly. (Speed+++)
You sometimes lose the ability to read scrolls when taking damage.


Message History

Aiming: Ensorcelled Hibernation (safe; 1% risk of failure)
Press: ? - help, Shift-Dir - straight line, f - boggart
Aim: a boggart (umbra, chance to affect: 44%)
The boggart resists with some effort.
The boggart misses you. The wolf spider barely misses you.
The wolf spider closely misses you.
Unknown command.
Casting: Ensorcelled Hibernation (safe; 1% risk of failure)
Confirm with . or Enter, or press ? or * to list all spells.
Aiming: Ensorcelled Hibernation (safe; 1% risk of failure)
Press: ? - help, Shift-Dir - straight line, f/p - boggart
Aim: a boggart (umbra, chance to affect: 44%)
The boggart looks drowsy...
The wolf spider hits you. The wolf spider misses you.
Unknown command.
The helpless boggart fails to defend itself.
You perforate the boggart like a sieve!!!!
You kill the boggart!
Dithmenos accepts your kill. The wolf spider hits you!
The wolf spider barely misses you.
Casting: Ensorcelled Hibernation (safe; 1% risk of failure)
Confirm with . or Enter, or press ? or * to list all spells.
Aiming: Ensorcelled Hibernation (safe; 1% risk of failure)
Press: ? - help, Shift-Dir - straight line, f - efreet
Aim: an efreet, wielding a +1 scimitar of flaming (umbra, chance to affect: 62%)
The efreet resists with significant effort.
The wolf spider hits you!!
You feel threatened and lose the ability to read scrolls!
The wolf spider misses you. The efreet closely misses you.
The wolf spider closely misses you. The wolf spider bites you!
You are lethally poisoned!
The wolf spider poisons you!
Casting: Ensorcelled Hibernation (safe; 1% risk of failure)
Confirm with . or Enter, or press ? or * to list all spells.
Okay, then.
You feel better. The wolf spider closely misses you.
The wolf spider misses you. The efreet gestures at you.
The bolt of fire hits you!!
Ouch! That really hurt!
You die...

#.....,,,,....
###########.....#*,,,...
#...............##*,,,,*
#................##*,,*#
#...........#*#...##**##
#...........# #...$# #.
#.....°.....###....# #.
#.....Rs..........######
#......@....##...###..##
#...........###.###....#
#..........(# #.##......
#...........# #.........
#...........# #######...
############# ####


You could see a wolf spider and an efreet.

Vanquished Creatures
  A vault guard (Bailey)
  2 hydras
  A boulder beetle (D:13)
  A centaur warrior (D:10)
  2 two-headed ogres
  A tengu warrior (D:13)
  Pikel (D:6)
  A deep troll (shapeshifter) (D:13)
  An ugly thing (D:13)
  A salamander (shapeshifter) (D:14)
  6 cyclopes
  2 manticores
  A guardian serpent (shapeshifter) (D:13)
  Joseph (D:7)
  Maggie (D:9)
  3 gargoyles
  2 unseen horrors
  3 kobold demonologists
  A komodo dragon (D:11)
  Prince Ribbit (Bailey)
  A troll (D:12)
  A hornet (D:9)
  A shadow (D:10)
  A vampire (D:11)
  Eustachio (D:5)
  A basilisk (D:12)
  A hog (shapeshifter) (D:13)
  3 yaks (D:8)
  4 humans (Bailey)
  A steam dragon (D:6)
  3 vampire mosquitoes (D:12)
  Menkaure (D:6)
  Edmund (D:6)
  2 acid dragons
  A water moccasin (D:6)
  Duvessa (D:7)
  3 orc warriors
  A black bear (shapeshifter) (D:13)
  A sky beast (D:7)
  An ice beast (D:5)
  A black bear (D:6)
  5 boggarts (D:14)
  An ogre (D:5)
  14 centaurs
  A lemure (D:6)
  A phantom (D:5)
  6 kobold brigands
  14 bullfrogs
  A gnoll sergeant (D:13)
  A necrophage (D:4)
  3 wights
  3 water moccasin zombies (Ossuary)
  Dowan (D:7)
  14 killer bees
  9 howler monkeys
  A hound (D:4)
  A jelly (D:6)
  4 orc priests
  2 iguanas
  Natasha (thrice) (D:3)
  9 orc wizards
  A killer bee zombie (D:7)
  3 mummies
  7 gnolls
  5 adders
  An ufetubus (D:4)
  3 adder zombies (Ossuary)
  A worm (D:2)
  3 dart slugs
  54 orcs
  11 endoplasms
  5 giant cockroaches
  5 gnoll zombies (Ossuary)
  6 goblins
  6 hobgoblins
  10 jackals
  6 quokkas
  4 ball pythons
  6 bats
  3 frilled lizards
  6 hobgoblin zombies (Ossuary)
  17 kobolds
  5 kobold zombies (Ossuary)
  4 orc zombies (Ossuary)
  7 rats
337 creatures vanquished.

Vanquished Creatures (collateral kills)
  A vault guard (Bailey)
  A human (Bailey)
  An orc warrior (D:8)
  Blork the orc (D:4)
  4 wights (D:4)
  A gnoll shaman (D:7)
  4 orc wizards
  A gnoll (D:13)
  An orc (D:7)
15 creatures vanquished.

Vanquished Creatures (others)
  5 dancing weapons
  10 plants (D:2)
  A withered plant (D:7)
16 creatures vanquished.

Grand Total: 368 creatures vanquished

Notes
Turn   | Place    | Note
-------+----------+-------------------------------------------
     0 | D:1      | xdcmnb the Spriggan Enchanter began the quest for the Orb.
     0 | D:1      | Reached XP level 1. HP: 9/9 MP: 5/5
   408 | D:1      | Reached XP level 2. HP: 13/13 MP: 7/7
   411 | D:1      | Learned a level 2 spell: Ensorcelled Hibernation
  1231 | D:1      | Reached XP level 3. HP: 14/16 MP: 9/9
  1235 | D:1      | Learned a level 3 spell: Tukima's Dance
  1239 | D:1      | Learned a level 3 spell: Confusing Touch
  1864 | D:2      | You fall into a shaft and drop 2 floors!
  1944 | D:4      | Noticed a necrophage
  2350 | D:2      | Found a faded altar of an unknown god.
  2365 | D:2      | Got Plato's Collected Works on Orientation
  2603 | D:2      | Found a burning altar of Makhleb.
  2848 | D:2      | Reached XP level 4. HP: 21/21 MP: 8/11
  3071 | D:2      | Identified the +2 dagger of Purpose {flame, Dex+3}
  3183 | D:2      | Reached skill level 5 in Hexes
  3896 | D:3      | Noticed Natasha
  3906 | D:3      | Killed Natasha
  4160 | D:3      | Learned a level 3 spell: Dazzling Flash
  4162 | D:3      | Learned a level 1 spell: Apportation
  4232 | D:3      | Noticed Natasha
  4246 | D:3      | Killed Natasha
  4247 | D:3      | Reached skill level 5 in Spellcasting
  4247 | D:3      | Reached XP level 5. HP: 19/24 MP: 5/13
  4537 | D:3      | Noticed Natasha
  4543 | D:3      | HP: 1/24 [Natasha/magic dart (10)]
  4547 | D:3      | Killed Natasha
  4677 | D:3      | Found a shimmering blue altar of Sif Muna.
  4862 | D:4      | Reached skill level 5 in Stealth
  5012 | D:4      | Reached XP level 6. HP: 22/28 MP: 15/15
  5069 | D:4      | Found a blossoming altar of Fedhas.
  5069 | D:4      | Found a stormy altar of Qazlal.
  5094 | D:4      | Reached skill level 6 in Stealth
  5355 | D:4      | Found a burning altar of Makhleb.
  5357 | D:4      | Found a shadowy altar of Dithmenos.
  5434 | D:4      | Reached XP level 7. HP: 30/32 MP: 14/17
  5582 | D:4      | Noticed Blork the orc
  5587 | D:4      | Killed Blork the orc
  5597 | D:4      | Reached skill level 7 in Stealth
  6160 | D:5      | Entered Level 5 of the Dungeon
  6199 | D:5      | Noticed Eustachio
  6219 | D:5      | Killed Eustachio
  6220 | D:5      | Reached skill level 8 in Stealth
  6395 | D:5      | Reached XP level 8. HP: 36/36 MP: 13/20
  6700 | D:4      | Became a worshipper of Dithmenos the Shadowed
  6837 | D:6      | Noticed a two-headed ogre
  6876 | D:6      | Reached skill level 9 in Stealth
  6893 | D:6      | Found a large runed translucent door.
  6894 | D:6      | Found a large runed translucent door.
  6947 | D:6      | Learned a level 3 spell: Summon Guardian Golem
  6960 | D:6      | Found a sand-covered staircase.
  6969 | Ossuary  | Entered an ossuary
  7086 | Ossuary  | Reached * piety under Dithmenos
  7144 | D:6      | Noticed Pikel
  7148 | D:6      | Noticed Edmund
  7153 | D:6      | Killed Edmund
  7204 | D:6      | Reached skill level 10 in Stealth
  7211 | D:6      | Killed Pikel
  7212 | D:6      | Reached XP level 9. HP: 39/39 MP: 12/23
  7341 | D:6      | Noticed a gargoyle
  7345 | D:6      | Killed a gargoyle
  7346 | D:6      | Reached skill level 11 in Stealth
  7366 | D:6      | Reached skill level 10 in Hexes
  7475 | D:6      | Killed a two-headed ogre
  7476 | D:6      | Reached skill level 12 in Stealth
  7476 | D:6      | Reached skill level 10 in Spellcasting
  7683 | D:6      | Noticed Menkaure
  7690 | D:6      | Killed Menkaure
  7725 | D:6      | Found a staircase to the Ecumenical Temple.
  7851 | Temple   | Entered the Ecumenical Temple
  8024 | D:6      | Found a glowing silver altar of Zin.
  8094 | D:6      | Found an iron altar of Okawaru.
  8107 | D:6      | Found a sparkling altar of Nemelex Xobeh.
  8199 | D:7      | Noticed Duvessa
  8201 | D:7      | Noticed Dowan
  8228 | D:7      | Killed Dowan
  8232 | D:7      | Killed Duvessa
  8458 | D:7      | Reached XP level 10. HP: 44/44 MP: 21/25
  8808 | D:7      | Reached ** piety under Dithmenos
  8970 | D:7      | Reached skill level 13 in Stealth
  9036 | D:7      | Noticed Joseph
  9043 | D:7      | Killed Joseph
  9810 | D:8      | Reached skill level 14 in Stealth
 10229 | D:8      | Noticed a manticore
 10232 | D:8      | Killed a manticore
 10605 | D:9      | Noticed Maggie
 10621 | D:9      | Killed Maggie
 10622 | D:9      | Reached skill level 1 in Fighting
 10643 | D:9      | Found a flagged portal.
 10655 | Bailey   | Entered a bailey
 10673 | Bailey   | Reached *** piety under Dithmenos
 10734 | Bailey   | Reached XP level 11. HP: 26/49 MP: 11/28
 10946 | Bailey   | Noticed Prince Ribbit
 10946 | Bailey   | Noticed a vault guard
 10962 | Bailey   | Killed Prince Ribbit
 10966 | Bailey   | Killed a vault guard
 11052 | Bailey   | Noticed a vault guard
 11058 | Bailey   | Killed a vault guard
 11195 | D:9      | Found an opulent altar of Gozag.
 11322 | D:9      | Found a staircase to the Lair.
 11385 | D:9      | Reached skill level 5 in Dodging
 11591 | D:10     | Entered Level 10 of the Dungeon
 11597 | D:10     | Found Xiblebe's Neck Hole.
 11602 | D:10     | Bought a +0 cloak for 67 gold pieces
 11617 | D:10     | Found a transporter.
 11617 | D:10     | Found a transporter.
 11618 | D:10     | Noticed Sekuso's ghost (journeyman HuFE)
 11718 | D:10     | Reached skill level 15 in Stealth
 11751 | D:10     | Noticed a four-headed hydra
 11770 | D:10     | Killed a four-headed hydra
 11809 | D:10     | Found Peediuqi's Armour Shop.
 12057 | D:10     | Noticed a centaur warrior
 12066 | D:10     | Killed a centaur warrior
 12106 | D:10     | Found an ornate altar of the Wu Jian Council.
 12149 | D:10     | Reached **** piety under Dithmenos
 12181 | D:10     | Found a staircase to the Orcish Mines.
 12791 | D:11     | HP: 1/78 [manticore (3)]
 12914 | D:11     | Noticed a four-headed hydra
 12926 | D:11     | Killed a four-headed hydra
 13042 | D:11     | Reached skill level 5 in Short Blades
 13252 | D:12     | Reached XP level 12. HP: 37/58 MP: 26/29
 13584 | D:12     | Found a glowing golden altar of the Shining One.
 14068 | D:13     | Noticed a two-headed ogre
 14092 | D:12     | Killed a two-headed ogre
 14092 | D:12     | Reached ***** piety under Dithmenos
 14093 | D:12     | Reached skill level 16 in Stealth
 14291 | D:13     | Found a frozen archway.
 14293 | D:13     | Noticed an ice dragon
 14310 | D:13     | Found Ongurud's General Store.
 14546 | D:13     | Gained mutation: You sometimes lose the ability to read
                  | scrolls when taking damage. [potion of mutation]
 14604 | D:13     | Noticed a tengu warrior
 14622 | D:13     | Killed a tengu warrior
 14635 | D:13     | Found a gate to the Vaults.
 14728 | D:13     | Learned a level 2 spell: Blink
 14734 | D:13     | Learned a level 5 spell: Summon Mana Viper
 14813 | D:13     | Noticed a boulder beetle
 14820 | D:13     | Killed a boulder beetle
 15239 | D:14     | Killed from afar by an efreet

Illustrated notes

Levels and vault maps discovered:
D:1:      amcnicky_arrival_blooded_trapdoor, layout_loops_cross
D:2:      layout_basic, shapermc_ecumenical_altar_rom_forum, basic_altar,
          serial_bayou, serial_bayou_lagoon_a, serial_bayou_crossing,
          serial_bayou_lake_a, serial_bayou_shore_a
D:3:      layout_loops_corners, mainiacjoe_overflow_six_doors_small,
          uniq_natasha
D:4:      layout_layer_cave, nicolae_overflow_hidden_temple, minmay_box_of_dots,
          uniq_blork_the_orc
D:5:      layout_cave_pools, minivault_11, uniq_eustachio
D:6:      layout_rooms, zin_treasury, jmf_multi_god_temple2,
          minmay_temple_entry_grid, lightli_ossuary_entry_decrepit_ruins,
          uniq_menkaure, uniq_edmund, uniq_pikel
D:7:      layout_basic, serial_undead, serial_undead_d, serial_undead_e,
          serial_undead_d, serial_undead_f, uniq_joseph, uniq_duvessa
D:8:      layout_basic
D:9:      layout_cave_pools, mainiacjoe_overflow_chevrons, lair_entry_dummy,
          enter_bailey_7, grunt_ministairs_5, uniq_maggie
D:10:     layout_roguey, nicolae_wu_jian_glorious_leap, hiddenorc2_lemuel,
          gammafunk_ghost_hive, serial_shops, shop,
          nicolae_shop_sticking_my_neck_out
D:11:     layout_loops_ring
D:12:     layout_irregular_city, nicolae_tso_carved_into_rock
D:13:     layout_cave_pods, david_vaults_2, serial_shops, shop,
          portal_ice_cave_entry_animals_and_master
D:14:     layout_basic, minivault_19
Temple:   nicolae_temple_x_marks_the_god

Skill      XL: |  1  2  3  4  5  6  7  8  9 10 11 12 |
---------------+-------------------------------------+-----
Spellcasting   | 3 4 5 6 7 9 10 12 13 | 13.6
Hexes          | 4 5 6 7 9 10 12 13 | 13.7
Stealth        | 5 6 8 10 12 14 15 16 | 16.6
Dodging        | 3 6 8 |  8.3
Fighting       | 1 3 4 |  4.7
Short Blades   | 2 5 6 |  6.5

Action                   |  1- 3 |  4- 6 |  7- 9 | 10-12 || total
-------------------------+-------+-------+-------+-------++-------
Melee: Dagger            |   149 |   112 |   195 |   335 ||   791
       Punch             |     3 |     2 |       |     1 ||     6
Throw: Dart              |       |       |     4 |       ||     4
 Cast: Ensorcelled Hiber |    16 |    12 |    23 |    93 ||   144
       Tukima's Dance    |       |     7 |    11 |    23 ||    41
       Confusing Touch   |       |       |     6 |     6 ||    12
  Use: Potion            |     1 |     4 |     1 |    13 ||    19
       Scroll            |     6 |     6 |     9 |    13 ||    34
 Stab: Sleeping          |    26 |    13 |    31 |   101 ||   171
       Distracted        |       |     2 |       |     2 ||     4
       Invisible         |       |       |     5 |     4 ||     9
       Confused          |       |       |     3 |     5 ||     8
Armor: Robe              |    17 |     8 |     5 |       ||    30
       Steam dragon scal |       |       |     5 |    59 ||    64
Dodge: Dodged            |   120 |    81 |   144 |   376 ||   721

Table legend: (Time is in decaauts)
 A = Elapsed time spent in this place.
 B = Non-inter-level travel time spent in this place.
 C = Inter-level travel time spent in this place.
 D = Time resting spent in this place.
 E = Time spent auto-exploring this place.
 F = Levels seen in this place.
 G = Mean time per level.
                   A        B        C        D        E       F      G
               +--------+--------+--------+--------+--------+-----+--------+
         Total |  11024 |  10633 |    391 |    896 |   7177 |  17 |  648.5 |
       Dungeon |  10522 |  10134 |    388 |    730 |   7137 |  14 |  751.6 |
        Temple |      4 |      2 |      2 |      0 |      0 |   1 |    4.0 |
       Ossuary |    138 |    138 |      0 |      2 |     34 |   1 |  138.0 |
        Bailey |    359 |    359 |      0 |    164 |      5 |   1 |  359.0 |
               +--------+--------+--------+--------+--------+-----+--------+

Top non-repeatable levels by time:
     D:2: 1425 daAuts
     D:1: 1213 daAuts
     D:4: 1057 daAuts
     D:3: 1019 daAuts
     D:7: 813 daAuts
     D:8: 803 daAuts
     D:6: 756 daAuts
    D:13: 671 daAuts
    D:10: 599 daAuts
    D:12: 597 daAuts
    D:11: 515 daAuts
     D:9: 510 daAuts
     D:5: 475 daAuts
  Bailey: 359 daAuts
 Ossuary: 138 daAuts
